[Event "37th ECCC 2022"]
[Site "Mayrhofen"]
[Date "2022.10.06"]
[Round "4.6"]
[White "Maze, Sebastien"]
[Black "Lupulescu, Constantin"]
[Result "1/2-1/2"]
[ECO "B40"]
[WhiteElo "2530"]
[BlackElo "2603"]
[Annotator "TA"]
[PlyCount "132"]
[EventDate "2022.10.03"]
[EventType "team-tourn"]
[EventCountry "AUT"]
[SourceTitle "playchess.com"]
[Source "ChessBase"]
[SourceQuality "1"]
[TimeControl "40/5400+30:1800+30"]

1. e4 c5 2. Nf3 e6 3. Nc3 Nc6 4. Bb5 Nd4 5. O-O a6 6. Bd3 Nc6 {[%emt 0:00:30] B30: Sicilian: 2...Nc6 3 Bb5, lines without ...g6.} 7. b3 d6 8. Bb2 Be7 9. Re1 Bf6 {[%emt 0:02:28] [#]} 10. Na4 $146 (10. e5 {looks sharper.} Nxe5 11. Nxe5 Bxe5 12. Rxe5 dxe5 13. Qh5) ({Predecessor:} 10. e5 Nxe5 11. Nxe5 Bxe5 12. Rxe5 dxe5 13. Qg4 Nf6 14. Qxg7 Rg8 15. Qh6 Bd7 16. Ne4 Nxe4 17. Bxe4 {½-½ (37) Jones,G (2670)-Praggnanandhaa,R (2608) chess24.com INT 2021}) 10... b5 11. Bxf6 (11. e5 $5 bxa4 12. exf6 Nxf6 13. Ng5 $11 (13. bxa4 e5 $11)) 11... Nxf6 12. Nc3 e5 13. a4 b4 14. Ne2 h5 15. Bc4 (15. h3 $11) 15... Na5 $15 16. d3 h4 17. h3 Nxc4 18. bxc4 a5 19. Nh2 g5 20. f3 {[%emt 0:00:21] Prevents g4.} Nh5 21. Ng4 Kf8 22. Nc1 Bd7 23. Nb3 {[%emt 0:00:04] [#]} (23. Ne3 $15 {should be considered.}) 23... Kg7 (23... Qe8 $1 $17) 24. Ra2 Qe7 25. Nd2 Nf4 26. Nf1 Rhb8 27. Nfe3 Kg6 28. Qb1 $1 Rb6 29. Qb3 Rab8 30. Raa1 Qe8 31. Ra2 R6b7 32. Raa1 Rb6 33. Ra2 $1 R6b7 34. Raa1 Ne6 35. Nf5 Nd4 36. Nxd4 cxd4 37. Kh2 Rc7 38. Rg1 Qe7 39. Rge1 Rcb7 40. Re2 Kg7 41. Rae1 Kg6 ({Better is} 41... Rc8 $17) 42. Kg1 (42. Ra1 $1 $11) 42... Kg7 43. Kh2 $1 Kf8 44. Kg1 Ke8 45. Ra1 Kd8 46. Kf1 Kc7 47. Ke1 Kb6 48. Kd2 Rc7 49. Ke1 Rbc8 50. Kf2 f5 51. exf5 Bxf5 52. Kg1 Bxg4 53. fxg4 Rf8 54. Rf1 Rf4 55. Rxf4 gxf4 $17 {[%emt 0:00:00][%mdl 4096] Endgame KQR-KQR} 56. Qb1 {[%emt 0:00:00] [#]} Qe8 $1 57. Qa1 {[%emt 0:00:00] Strongly threatening Qxd4+.} Kc5 ({Black should try} 57... Qc6 $17) 58. Re4 (58. Qe1 $1 $11 {remains equal.}) 58... Qc6 59. Kf2 Qb6 (59... Rc8 $17) 60. Qe1 b3 61. cxb3 {[%emt 0:00:00] The position is equal.} Qb4 62. Qd1 Rb7 {[%emt 0:06:01] aiming for ...Qc3.} 63. Qf3 {[%emt 0:00:00] Black must now prevent Re2.} Rb8 ({Much less strong is} 63... Qxb3 64. Re2 Kb6 65. Qd5 $16) 64. g5 Qxb3 65. g6 {[%emt 0:00:36] g7 is the strong threat. Chess con chili.} Qb7 66. Qh5 {[%emt 0:01:26] Threatens to win with Qf5.} Qb1 {[%emt 0:01:53] Weighted Error Value: White=0.09 (flawless) /Black=0.15 (very precise)} 1/2-1/2

[Event "37th ECCC 2022"]
[Site "Mayrhofen"]
[Date "2022.10.06"]
[Round "4.7"]
[White "Carlsen, Magnus"]
[Black "Harikrishna, Pentala"]
[Result "1-0"]
[ECO "A20"]
[WhiteElo "2856"]
[BlackElo "2717"]
[Annotator "TA"]
[PlyCount "85"]
[EventDate "2022.10.03"]
[EventType "team-tourn"]
[EventCountry "AUT"]
[SourceTitle "playchess.com"]
[Source "ChessBase"]
[SourceQuality "1"]
[TimeControl "40/5400+30:1800+30"]

1. c4 {[%emt 0:00:33] Ribli,Z} e5 2. g3 c6 3. d4 Bb4+ 4. Bd2 Bxd2+ 5. Qxd2 d6 6. Nc3 Nf6 7. e4 $5 {[%emt 0:04:32][%mdl 4] An interesting side line. A20: English Opening: 1...e5.} O-O {[%emt 0:01:18] [#]} 8. Nge2 $146 ({Predecessor:} 8. Bg2 Nbd7 9. Nf3 a6 10. O-O b5 11. cxb5 axb5 12. b4 Bb7 13. Rfe1 Re8 14. a4 bxa4 15. dxe5 dxe5 16. Nxa4 {½-½ (35) Kallai,G (2455)-Leko,P (2460) Hungary 1992 CBM 034 [Ribli,Z]}) 8... b5 9. cxb5 {[%emt 0:04:22] The position is equal.} cxb5 10. a3 a5 11. Bg2 Bb7 12. O-O b4 13. axb4 axb4 14. Nd5 Nxd5 15. exd5 Qb6 16. Rxa8 Bxa8 17. dxe5 dxe5 18. g4 Nd7 19. Ng3 g6 20. Rc1 Rd8 21. Ne4 Nf6 22. Nxf6+ Qxf6 23. Rc5 Qb6 24. Qe3 {[%emt 0:01:21][%cal Oc5c8] Threatens to win with Rc8!} Qa7 25. Qc1 Bb7 26. h4 Qb6 27. h5 h6 28. Qe3 {[%emt 0:03:13][%cal Oc5c8] Rc8! is the strong threat.} gxh5 $2 {[%emt 0:05:31] [#] A mistake that costs the game.} (28... Rd6 $14) 29. Rc8 $3 $18 Qd6 30. Rxd8+ {[%emt 0:00:07][%mdl 64] Deflection} Qxd8 31. Qxh6 {[%emt 0:02:39] Black must now prevent Be4.} Bxd5 {[%emt 0:04:09] [#]} (31... Qh4 {keeps fighting.} 32. Qxh5 (32. gxh5 e4 $16) 32... Qf6) 32. Qd2 $1 hxg4 (32... e4 $2 33. Bxe4 (33. Qxb4 hxg4 34. Bxe4 Bxe4 $11) (33. gxh5 Qd7 $11) 33... Qh4 34. Qxd5 $18) 33. Qxd5 ({Weaker is} 33. Bxd5 Kg7 34. Kh2 f5 $18) 33... Qxd5 (33... Qf6 34. Qe4 Qf4 35. Qxf4 exf4) 34. Bxd5 {[%emt 0:00:03][%mdl 4096] Endgame KB-KP} Kg7 35. Kg2 f5 36. Kg3 Kf6 37. Kh4 e4 38. Bc6 Ke5 39. Kg3 Kd4 40. Kf4 Kd3 41. Kxf5 e3 42. fxe3 Kxe3 {[%emt 0:00:09] [#]} 43. b3 $1 {[%emt 0:00:00] Weighted Error Value: White=0.04 (flawless) /Black=0.44} ({Worse is} 43. Kxg4 b3 $11) 1-0

[Event "37th ECCC 2022"]
[Site "Mayrhofen"]
[Date "2022.10.06"]
[Round "4.8"]
[White "Vidit, Santosh Gujrathi"]
[Black "Tari, Aryan"]
[Result "1-0"]
[ECO "C45"]
[WhiteElo "2710"]
[BlackElo "2656"]
[Annotator "TA"]
[PlyCount "69"]
[EventDate "2022.10.03"]
[EventType "team-tourn"]
[EventCountry "AUT"]
[SourceTitle "playchess.com"]
[Source "ChessBase"]
[SourceQuality "1"]
[TimeControl "40/5400+30:1800+30"]

1. e4 e5 2. Nf3 Nc6 3. d4 exd4 4. Nxd4 Nf6 5. Nxc6 bxc6 6. Nd2 d5 {[%emt 0:11:03] 6...d5 is better than 6...Bc5.} 7. exd5 {[%emt 0:00:18] C45: Scotch Game.} cxd5 8. Bb5+ Bd7 9. Bxd7+ {[%emt 0:00:08] The position is equal.} Qxd7 10. O-O Be7 11. b3 O-O 12. Bb2 a5 13. a4 Qf5 14. Re1 {[%emt 0:00:32] [#]} Bc5 $146 ({Predecessor:} 14... Rfe8 15. Nf3 Bb4 16. Nd4 Qd7 17. Rxe8+ Rxe8 18. Qf3 c5 19. Nf5 d4 20. Rf1 h5 {1-0 (64) Ganguly,S (2633)-Matlakov,M (2699) Moscow 2019}) 15. Nf3 Ne4 16. Re2 Rfe8 17. Qd3 c6 18. Rae1 h6 19. Nd4 Qd7 20. f3 Nd6 21. Rxe8+ Rxe8 22. Rxe8+ Qxe8 {[%emt 0:00:54] [#]} 23. Kf1 {[%emt 0:00:15] Against Qe1+} Qc8 24. Qc3 Bxd4 (24... Qa6+ $2 25. Ne2 Bd4 26. Qxd4 $18) 25. Qxd4 $16 {[%emt 0:00:13][%csl Gb2][%cal Rd4g7][%mdl 4096] Endgame KQB-KQN} Nf5 26. Qd3 c5 27. Bc3 c4 $2 {[%emt 0:02:59] [#] Loses the game.} (27... Nd4 $16 {was worth a try.}) 28. bxc4 $18 dxc4 29. Qe4 Qd7 30. Ke2 Nd6 31. Qa8+ Kh7 (31... Ne8 $142 32. Qxa5 (32. Bxa5 Qxa4 33. Ke3 Qa3+ 34. Kd2 Qa4 $14) 32... Nc7) 32. Qxa5 ({Less strong is} 32. Qd5 Qe7+ 33. Kf1 Nb7 34. Qxc4 Qe8 $16) 32... Qe6+ (32... Qc6 {was necessary.} 33. Bb4 Ne8 34. Qf5+ Kg8) 33. Qe5 {[%emt 0:00:26] White is clearly winning.} Qg6 34. Kd1 {[%emt 0:00:19] Active counter play!} Nc8 35. Qg3 {[%emt 0:01:15] Weighted Error Value: White=0.02 (flawless) /Black=0.30} 1-0

[Event "37th ECCC 2022"]
[Site "Mayrhofen"]
[Date "2022.10.06"]
[Round "4.9"]
[White "Hansen, Eric"]
[Black "Wojtaszek, Radoslaw"]
[Result "1/2-1/2"]
[ECO "C88"]
[WhiteElo "2613"]
[BlackElo "2693"]
[Annotator "TA"]
[PlyCount "53"]
[EventDate "2022.10.03"]
[EventType "team-tourn"]
[EventCountry "AUT"]
[SourceTitle "playchess.com"]
[Source "ChessBase"]
[SourceQuality "1"]
[TimeControl "40/5400+30:1800+30"]

1. e4 e5 2. Nf3 Nc6 3. Bb5 a6 4. Ba4 Nf6 5. O-O Be7 6. Re1 b5 7. Bb3 O-O 8. h3 Bb7 9. d3 d5 {[%emt 0:00:18] C88: Closed Ruy Lopez: Anti-Marshall Systems.} 10. exd5 Nxd5 11. a4 $1 {[%emt 0:05:27][%mdl 4] is now more promising than 11.Nxe5.} Nd4 12. Nxd4 (12. Nbd2 {with more complications.} Nxb3 13. Nxb3 f6 14. Na5) 12... exd4 {[%emt 0:00:06] The position is equal.} 13. axb5 axb5 14. Rxa8 Bxa8 15. Na3 Bb4 16. Bd2 Bxd2 17. Qxd2 Qf6 18. Bxd5 ({Of course not} 18. Nxb5 Nf4 19. f3 (19. Nxc7 $2 Qg5 $19) 19... Qh6 $17) 18... Bxd5 19. Nxb5 Bxg2 {[%emt 0:02:29][%mdl 64] [#] Decoy} 20. Kxg2 Qc6+ 21. Kh2 {[%emt 0:02:15] Strongly threatening Na3.} Qxb5 $11 {[%emt 0:00:07][%mdl 4096] Endgame KQR-KQR} 22. Qf4 {[%emt 0:00:57][%csl LRc7,LRd4] [#]} Qc5 $5 $146 {[%emt 0:07:17][%mdl 8] An interesting novelty.} ({Predecessor:} 22... c5 23. b3 Qa5 24. Re2 Qa1 25. Qd2 Qa8 26. Qf4 g6 27. Re5 Qb8 28. Kg3 Qd6 {1-0 (85) Wei,Y (2735)-Inarkiev,E (2690) Magas 2018}) 23. Re2 g6 24. Qe5 Qb6 25. Qf4 Qc5 26. Qe5 Qb6 27. Qf4 {[%emt 0:01:37] An interesting draw.  Weighted Error Value: White=0.02 (flawless) /Black=0.00 (flawless)} 1/2-1/2

[Event "37th ECCC 2022"]
[Site "Mayrhofen"]
[Date "2022.10.06"]
[Round "4.10"]
[White "Navara, David"]
[Black "Christiansen, Johan-Sebastian"]
[Result "1/2-1/2"]
[ECO "D37"]
[WhiteElo "2676"]
[BlackElo "2576"]
[Annotator "TA"]
[PlyCount "74"]
[EventDate "2022.10.03"]
[EventType "team-tourn"]
[EventCountry "AUT"]
[SourceTitle "playchess.com"]
[Source "ChessBase"]
[SourceQuality "1"]
[TimeControl "40/5400+30:1800+30"]

1. d4 Nf6 2. c4 e6 3. Nf3 d5 4. Nc3 dxc4 5. e4 Bb4 6. Bxc4 {[%emt 0:00:14] D24: Queen's Gambit Accepted: 3 Nf3 Nf6 4 Nc3.} Nxe4 7. O-O Nf6 8. Qa4+ Nc6 9. Ne5 Rb8 ({Don't play} 9... Bd7 10. Nxc6 Bxc3 11. Nxd8 $16) 10. d5 exd5 {[%emt 0:01:05] [#]} 11. Nxd5 Nxd5 12. Nxc6 bxc6 13. Qxc6+ Qd7 14. Qxd5 {[%emt 0:05:48] Threatens to win with Qe5+.} O-O 15. Qxd7 (15. Be3 {feels hotter.} a5 16. Qxd7 Bxd7 17. Rfd1) 15... Bxd7 16. Rd1 Bd6 17. b3 a5 (17... Bb5 $11) 18. Ba3 Bxa3 19. Rxd7 Bd6 20. Rd1 {[%emt 0:05:47] [#]} Rbe8 $146 ({Predecessor:} 20... g6 21. g3 Kg7 22. Rd5 Ra8 23. a4 Kh8 24. h4 f5 25. h5 gxh5 26. Bd3 h4 27. Bxf5 hxg3 28. Rxh7+ Kg8 29. Bd3 Rf3 30. Rg5+ Kf8 31. Bc4 Ke8 32. Bd5 {1-0 (32) Bindrich,F (2610)-Pavlov,S (2471) Skopje 2019}) 21. g3 Re5 22. f4 Rc5 23. a4 {[%emt 0:15:53] White has more active pieces.} g6 24. Kg2 Kg7 25. h4 Kf6 26. Re1 h6 27. Kh3 {[%emt 0:00:33][%cal Oe1e8] [#] aiming for Re8!} Kg7 28. Kg4 (28. Re6 $14) 28... Rf5 $11 {[%emt 0:00:44] The position is equal.} 29. Re6 h5+ 30. Kh3 Kh6 31. Re3 Kg7 32. Kg2 Rb8 33. Rd3 Re8 34. Kf3 Kf8 35. Rd5 Rxd5 36. Bxd5 Re7 37. Rxe7 Kxe7 {[%emt 0:00:05] Weighted Error Value: White=0.06 (flawless) /Black=0.07 (flawless)} 1/2-1/2

[Event "37th ECCC 2022"]
[Site "Mayrhofen"]
[Date "2022.10.06"]
[Round "4.11"]
[White "Urkedal, Frode Olav Olsen"]
[Black "Grandelius, Nils"]
[Result "1/2-1/2"]
[ECO "D19"]
[WhiteElo "2523"]
[BlackElo "2651"]
[Annotator "TA"]
[PlyCount "63"]
[EventDate "2022.10.03"]
[EventType "team-tourn"]
[EventCountry "AUT"]
[SourceTitle "playchess.com"]
[Source "ChessBase"]
[SourceQuality "1"]
[TimeControl "40/5400+30:1800+30"]

1. d4 d5 2. c4 c6 3. Nf3 Nf6 4. Nc3 dxc4 5. a4 Bf5 6. e3 e6 7. Bxc4 Bb4 8. O-O O-O 9. Qe2 Bg6 10. Ne5 Nbd7 11. Nxg6 hxg6 12. Rd1 Qe7 {[%emt 0:00:58] 12...Qc7 is setting a new trend.} 13. Bd2 {[%emt 0:06:40] D19: Slav Defence: 5 a4 Bf5 6 e3: Main line with 9 Qe2.} Rad8 {[%emt 0:18:56] [#]} 14. a5 $146 ({Predecessor:} 14. Be1 a5 15. f3 e5 16. d5 cxd5 17. Nxd5 Nxd5 18. Bxd5 Nf6 19. Bc4 e4 20. f4 b6 {1-0 (77) Quesada Perez,Y (2615)-Belozerov,A (2515) Chess.com INT 2019}) 14... e5 15. d5 {[%emt 0:21:09] White has an edge.} e4 {[%emt 0:06:34] The position is equal.} 16. a6 cxd5 (16... Nb8 {is interesting.} 17. dxc6 bxc6 18. Na4 Bxd2 19. Rxd2 Nbd7) 17. Nxd5 Nxd5 18. Bxd5 Bxd2 19. Rxd2 bxa6 20. Rad1 Nb6 {[%emt 0:02:28] Prevents Qc4.} 21. Qxa6 Rxd5 22. Rxd5 Nxd5 23. Rxd5 Rd8 24. Rxd8+ Qxd8 $11 {[%emt 0:00:02][%mdl 4096] Endgame KQ-KQ} 25. h3 Qe7 26. Qc4 Kh7 27. b4 f5 28. Qc5 Qd7 29. b5 Qd1+ 30. Kh2 Qf1 31. Kg3 Qe2 32. Qxa7 {[%emt 0:07:27] A balanced but interesting game.  Weighted Error Value: White=0.05 (flawless) /Black=0.02 (flawless)} 1/2-1/2

[Event "37th ECCC 2022"]
[Site "Mayrhofen"]
[Date "2022.10.06"]
[Round "4.12"]
[White "Ragger, Markus"]
[Black "Haug, Johannes"]
[Result "1-0"]
[ECO "C72"]
[WhiteElo "2632"]
[BlackElo "2478"]
[Annotator "TA"]
[PlyCount "57"]
[EventDate "2022.10.03"]
[EventType "team-tourn"]
[EventCountry "AUT"]
[SourceTitle "playchess.com"]
[Source "ChessBase"]
[SourceQuality "1"]
[TimeControl "40/5400+30:1800+30"]

1. e4 {[%emt 0:00:01] Edouard,Romain} e5 2. Nf3 Nc6 3. Bb5 a6 4. Ba4 d6 5. O-O Bd7 6. c4 Nf6 7. Nc3 (7. d4 {with more complications.} b5 8. Bc2 Bg4 9. dxe5 Bxf3 10. Qxf3 Nd4 11. Qd3) 7... Nd4 {[%emt 0:04:29] C72: Ruy Lopez: Deferred Steinitz: 5 0-0.} 8. Bxd7+ Qxd7 9. Nxd4 exd4 {[%emt 0:00:09] White is slightly better.} 10. Ne2 {[%emt 0:00:04] [#]} Nxe4 $146 ({Predecessor:} 10... c5 11. d3 g6 12. b4 Be7 13. bxc5 dxc5 14. a4 O-O 15. Rb1 Nh5 16. Bh6 Rfb8 {1-0 (42) Edouard,R (2640)-Huebner,R (2575) Switzerland 2019 CBM 193 Extra [Edouard,Romain]}) 11. Nxd4 {[%emt 0:02:58] [#] Re1 is the strong threat.} Ng5 12. d3 Ne6 13. Re1 O-O-O 14. Nxe6 {[%emt 0:02:22] White is more active.} fxe6 15. b4 Be7 16. Rb1 b6 17. Qe2 e5 18. d4 $40 {[%emt 0:00:57][%mdl 128] White has strong attack.} h5 {[%emt 0:06:38] [#]} 19. Bb2 (19. dxe5 $6 dxe5 20. h3 (20. Qxe5 Bxb4 21. Rxb4 Rhe8 $11) 20... Qd3 21. Qxe5 (21. Qxd3 Rxd3 22. Kf1 Rhd8 $11) 21... Bf6 22. Qe6+ Kb7 $14) (19. c5 $142 $1) 19... Qa4 (19... Bf6 $16) 20. b5 (20. dxe5 $18 Kb8 21. e6) 20... axb5 $14 21. cxb5 ({Reject} 21. dxe5 bxc4 22. e6 Qc6 $15) 21... Bf6 22. Rbc1 (22. d5 $14) 22... exd4 $11 23. Rc4 Qxa2 24. Qc2 c5 (24... Rd7 $2 25. Ra1 (25. Rc1 c5 $11) 25... Qxa1+ 26. Bxa1 $18) (24... Kb8 $1 $11 25. Rxc7 Qa5) 25. bxc6 $18 d3 $2 (25... b5 26. Rb4 (26. Qf5+ Kc7 $16) 26... Qd5) 26. Qxd3 {[%emt 0:00:05] Hoping for Bxf6.} Qxb2 27. Rc2 {[%emt 0:00:52] White mates.} Qxc2 28. Qa6+ Kc7 29. Qb7# {[%emt 0:00:03] Weighted Error Value: White=0.21 (precise) /Black=0.69} 1-0

[Event "37th ECCC 2022"]
[Site "Mayrhofen"]
[Date "2022.10.06"]
[Round "4.13"]
[White "Korobov, Anton"]
[Black "Erigaisi Arjun"]
[Result "1-0"]
[ECO "A20"]
[WhiteElo "2672"]
[BlackElo "2728"]
[Annotator "TA"]
[PlyCount "127"]
[EventDate "2022.10.03"]
[EventType "team-tourn"]
[EventCountry "AUT"]
[SourceTitle "playchess.com"]
[Source "ChessBase"]
[SourceQuality "1"]
[TimeControl "40/5400+30:1800+30"]

1. c4 e5 2. d3 Nf6 3. Nf3 Nc6 4. a3 d5 5. cxd5 Nxd5 6. e3 {[%emt 0:00:45] A20: English Opening: 1...e5.} g5 {[%emt 0:00:06] [#]} 7. b4 $146 ({Predecessor:} 7. h3 Bg7 8. Be2 h5 9. Nfd2 g4 10. hxg4 hxg4 11. Rxh8+ Bxh8 12. g3 f5 13. Nc3 {½-½ (42) Wojtaszek,R (2686)-Hovhannisyan,R (2643) Warsaw 2021}) 7... a6 8. Bb2 {[%emt 0:02:19] The position is equal.} Bg7 9. Be2 f5 10. Nfd2 O-O 11. Nc3 Be6 12. Rc1 Nxc3 13. Rxc3 Ne7 14. e4 Ng6 15. exf5 Bxf5 16. g3 {[%emt 0:02:27] Against Nf4} Bh3 17. Ne4 c6 18. Bf1 Bxf1 19. Kxf1 h6 20. Kg2 (20. Qh5 $5 Qe8 21. Qe2 $11) 20... Qd7 21. h3 Rad8 22. Qg4 Rf7 23. Bc1 Ne7 (23... Qxg4 $11 24. hxg4 Nf8) 24. Qxd7 $14 Rxd7 25. Nc5 Rd5 26. h4 gxh4 27. Rxh4 Nf5 28. Rh5 Kh7 {[%emt 0:05:48] [#]} (28... Bf8 $1 $14) 29. Ne6 ({White should try} 29. Nxb7 $1 $16 {[%mdl 512] Strongly threatening Nc5.} Kg6 (29... e4 30. Rc5) 30. g4 Rxb7 31. Rxf5) 29... Rf6 $11 30. Nc7 Rd7 31. Ne8 Re6 32. Nxg7 Nxg7 33. Rh3 Nf5 34. Rh5 Ng7 35. Rh3 Nf5 36. Rc4 Rd5 (36... Nd6 $5 37. Rch4 Nf7 $11) 37. Re4 Nd6 38. Re3 Nf7 39. Kf1 c5 40. Rh4 Nd6 41. Rh5 {[%emt 0:31:08] Inhibits Nf5.} cxb4 42. axb4 a5 (42... Nf7 $11 {deserves consideration.}) 43. bxa5 $14 Rxa5 44. Bb2 (44. Bd2 $5 Ra1+ 45. Ke2 $16) 44... Nf7 $1 45. d4 exd4 46. Rxe6 Rxh5 $11 {[%emt 0:00:00][%mdl 4096] Endgame KRB-KRN} 47. Rf6 Kg8 48. Bxd4 b5 49. Ke2 Kf8 50. f4 {[%emt 0:00:00] White is much more active.} Ke7 51. f5 (51. g4 $14 Rh2+ 52. Ke3) 51... Nd6 52. g4 {[%emt 0:00:00] White wants to mate with Re6+.} Rg5 $2 {[%emt 0:00:00][%mdl 8192] This costs Black the game.} (52... Rh2+ $14 53. Kf3 Rd2) 53. Rxh6 $18 {[%emt 0:00:00] And now Bf6+ would win.} Kd7 {[%emt 0:00:00] [#]} 54. Rh7+ $1 Ke8 55. Rg7 Rxg7 56. Bxg7 {[%emt 0:00:00] White threatens Be5 and mate. KB-KN} Kf7 57. Be5 Nc4 58. Bd4 {[%emt 0:00:00] Threatening mate with g5.} b4 59. g5 {[%emt 0:00:26][%cal Bg4g5,Bg5g6][%mdl 32] White mates.} b3 60. g6+ Ke8 61. Kd3 b2 62. Kc2 Nd6 63. f6 Nf5 64. f7+ {[%emt 0:00:30] Weighted Error Value: White=0.10 (very precise) /Black=0.35} 1-0

[Event "37th ECCC 2022"]
[Site "Mayrhofen"]
[Date "2022.10.06"]
[Round "4.14"]
[White "Saric, Ivan"]
[Black "Santos Latasa, Jaime"]
[Result "1-0"]
[ECO "C83"]
[WhiteElo "2668"]
[BlackElo "2677"]
[Annotator "TA"]
[PlyCount "81"]
[EventDate "2022.10.03"]
[EventType "team-tourn"]
[EventCountry "AUT"]
[SourceTitle "playchess.com"]
[Source "ChessBase"]
[SourceQuality "1"]
[TimeControl "40/5400+30:1800+30"]

1. e4 e5 2. Nf3 Nc6 3. Bb5 a6 4. Ba4 Nf6 5. O-O Nxe4 6. d4 b5 7. Bb3 d5 8. dxe5 Be6 9. c3 Be7 10. Nbd2 Nc5 11. Bc2 d4 12. Nb3 {[%emt 0:00:12][%cal Rb3d4] C83: Open Ruy Lopez: 9 c3 Be7.} d3 13. Bb1 Nxb3 14. axb3 {[%emt 0:00:04][%cal Ba2b3,Bb3b4,Bb4a5,Ba5a6][%mdl 32] White is slightly better.} Bf5 15. Re1 O-O 16. b4 Qd7 17. Bf4 Rfd8 18. h3 {[%emt 0:01:20] [#]} Kh8 $146 ({Predecessor:} 18... a5 19. bxa5 Rxa5 20. Rxa5 Nxa5 21. Nd4 g5 22. Bxd3 Bxd3 23. Qxd3 gxf4 24. Qe4 Re8 25. Qxf4 {1-0 (37) Svidler,P (2723)-Yilmaz,M (2630) chess24.com INT 2020}) 19. Re3 a5 20. bxa5 $1 Bc5 {[%emt 0:02:16] White leaves nothing to chance now.} 21. Re1 {[%emt 0:09:17] Threatens to win with b4.} b4 ({Less strong is} 21... Rxa5 22. Rxa5 Nxa5 23. b4 $18) 22. a6 bxc3 23. bxc3 h6 24. Qd2 Kg8 25. Be3 Qe7 (25... Bb6 $16) 26. Ba2 $18 Be6 $2 (26... Nxe5 27. Nxe5 Qxe5) 27. Bxe6 fxe6 {[%emt 0:00:09] [#]} 28. Bxh6 $1 gxh6 (28... Rd7 29. Re4) 29. Qxh6 {[%emt 0:00:04] Black must now prevent Re4.} Qf7 (29... Kf7 $142 30. Ng5+ Ke8 31. Nxe6 Kd7) 30. Re4 {[%emt 0:01:13] White threatens Rg4+ and mate.} Bf8 31. Rg4+ Bg7 {[%emt 0:00:06] [#]} 32. Rxg7+ $1 {[%emt 0:00:22][%mdl 576] Deflection} Qxg7 33. Qxe6+ Kh8 34. Qxc6 {[%emt 0:01:19] Ra4 is the strong threat.} Rg8 35. g3 Qg6 36. e6 {[%emt 0:02:14] aiming for Ra4.} Rae8 37. a7 Rxe6 38. Qd5 Ra6 39. Qd4+ Kh7 {[%emt 0:00:11] [#]} 40. Ng5+ $1 Qxg5 (40... Kh6 41. Rxa6) 41. Rxa6 {[%emt 0:31:14] Weighted Error Value: White=0.01 (flawless) /Black=0.52} 1-0

[Event "37th ECCC 2022"]
[Site "Mayrhofen"]
[Date "2022.10.06"]
[Round "4.15"]
[White "Idani, Pouya"]
[Black "Nihal Sarin"]
[Result "1/2-1/2"]
[ECO "C88"]
[WhiteElo "2623"]
[BlackElo "2673"]
[Annotator "TA"]
[PlyCount "69"]
[EventDate "2022.10.03"]
[EventType "team-tourn"]
[EventCountry "AUT"]
[SourceTitle "playchess.com"]
[Source "ChessBase"]
[SourceQuality "1"]
[TimeControl "40/5400+30:1800+30"]

1. e4 e5 2. Nf3 Nc6 3. Bb5 a6 4. Ba4 Nf6 5. O-O Be7 6. Re1 b5 7. Bb3 O-O 8. a4 Bb7 9. d3 d6 10. Nbd2 Nd7 11. c3 Nc5 12. axb5 axb5 13. Rxa8 Qxa8 {[%emt 0:00:07] The position is equal.} 14. Bc2 {[%emt 0:00:05] C88: Closed Ruy Lopez: Anti-Marshall Systems.} b4 $1 {[%emt 0:00:05] The main line 14...b4 scores better than 14...Bf6.} 15. d4 bxc3 16. bxc3 Nd7 17. Nf1 Qa1 18. Bd2 Qxd1 19. Rxd1 Bf6 20. Be3 Ra8 21. Rb1 {[%emt 0:03:39] [#]} Nd8 $146 ({Predecessor:} 21... Bc8 22. N1d2 g6 23. h3 Rb8 24. Rxb8 Ndxb8 25. Bd3 Kf8 26. Kf1 Nd7 27. Bb5 Nd8 {0-1 (51) Dominguez Perez,L (2763)-Abdusattorov,N (2608) chess24.com INT 2020}) 22. N1d2 d5 23. exd5 exd4 24. Nxd4 {[%emt 0:02:14] Bf5 is the strong threat.} Bxd5 25. c4 Ne6 26. Nb5 Bc6 27. Na7 Ne5 28. Nxc6 Nxc6 29. Be4 {[%emt 0:00:01] A strong pair of Bishops.} Ra6 30. Nf3 g6 31. g3 Ncd4 32. Rb7 Nxf3+ ({Don't take} 32... Ra1+ 33. Kg2 $14) 33. Bxf3 Bg5 34. Ra7 Rxa7 35. Bxa7 {[%emt 0:00:10] An even fight not without its subleties.  Weighted Error Value: White=0.02 (flawless) /Black=0.02 (flawless)} 1/2-1/2